 Dungeon Crawl Stone Soup version 0.31-a0-196-g86fe4a5e66 (webtiles) character file.

Game seed: 2152819121644156771

16 rabbitsville the Caller (level 2, -1/20 HPs)
             Began as a Hill Orc Summoner on June 24, 2023.
             Slain by an adder (2 damage)
             ... on level 2 of the Dungeon.
             The game lasted 00:02:56 (952 turns).

rabbitsville the Caller (Hill Orc Summoner)          Turns: 952, Time: 00:02:56

Health: -1/20      AC:  3    Str: 10    XL:     2   Next: 54%
Magic:  1/4        EV: 12    Int: 15    God:
Gold:   35         SH:  0    Dex: 11    Spells: 1/4 levels left

rFire   . . .        g - +0 dagger
rCold   . . .        (no shield)
rNeg    . . .        a - +0 robe
rPois   .            (no helmet)
rElec   .            i - +0 cloak
rCorr   .            (no gloves)
SInv    .            (no boots)
Will    .....        (no amulet)
Stlth   ++           (no ring)
HPRegen 0.23/turn    (no ring)
MPRegen 0.09/turn

%: no passive effects
@: lethally poisoned (-1 -> -5)
A: no striking features
a: no special abilities


You were on level 2 of the Dungeon.
You visited 1 branch of the dungeon, and saw 2 of its levels.

You collected 35 gold pieces.

Inventory:

Hand Weapons
 e - a +0 club
 g - a +0 dagger (weapon)
Armour
 a - a +0 robe (worn)
 i - a +0 cloak (worn)
Scrolls
 c - a scroll of noise {unknown}
 d - a scroll of enchant armour {unknown}
 f - a scroll of enchant weapon {unknown}
 h - a scroll of vulnerability {unknown}
Potions
 b - a potion of magic


   Skills:
 - Level 1.5 Dodging
 - Level 1.5 Stealth
 + Level 1.9 Spellcasting
 * Level 4.4 Summonings


You had one spell level left.
You knew the following spells:

 Your Spells              Type           Power      Damage    Failure   Level
a - Summon Small Mammal   Summ           56%        N/A       3%          1
b - Call Imp              Summ           28%        N/A       5%          2

Your spell library contained the following spells:

 Spells                   Type           Power      Damage    Failure   Level
 Call Canine Familiar     Summ           14%        N/A       11%         3
 Summon Guardian Golem    Hex/Summ       8%         N/A       26%         3
 Summon Lightning Spire   Summ/Air       8%         N/A       65%         4


Dungeon Overview and Level Annotations

Branches:
Dungeon (2/15)

Altars:


Message History

You barely miss the hobgoblin.
The hobgoblin is almost dead.
The hobgoblin barely misses you.
You hit the hobgoblin.
You kill the hobgoblin!
You see here a hobgoblin corpse.
You see here a hobgoblin corpse.
You see here a hobgoblin corpse.
There is a stone staircase leading down here.
Memorise Call Imp, consuming 2 spell levels and leaving 1?
You start memorising the spell.
You continue memorising. x2
You finish memorising.
Spell assigned to 'b'.
You climb downwards.
The endoplasm quivers.
The adder bites you.
You are poisoned.
The adder poisons you! The adder closely misses you.
There is a stone staircase leading up here.
A tiny devil pulls itself out of the air.
You feel sick. The adder closely misses you.
You feel sick. The adder bites you but does no damage.
The endoplasm freezes you.
You are frozen.
The adder bites you.
You are more poisoned.
The adder poisons you!
Your cerulean imp barely misses the adder.
Okay, then.
You hit the adder.
The adder is lightly wounded.
You feel sick. The endoplasm hits you.
* * * LOW HITPOINT WARNING * * *
The adder closely misses you.
Your quokka barely misses the adder.
Your cerulean imp barely misses the adder.
* * * LOW HITPOINT WARNING * * *
You feel sick. The endoplasm hits you.
* * * LOW HITPOINT WARNING * * *
Your cerulean imp hits the adder but does no damage.
* * * LOW HITPOINT WARNING * * *
You feel sick.
Your quokka closely misses the adder.
The adder bites you.
You die...

###..........+
#............# .
#............#
..
............#.#+
#..............
#..............
#.....J........
#....@S<.5.#
#......r...#
....##....#+##
### #..#.#
#..#.# ...#.#
##..... ##...#


You could see an adder (ally target), an endoplasm, a friendly cerulean imp
(summoned) and a friendly quokka (summoned).

Vanquished Creatures
  A ball python (D:1)
  An endoplasm (D:1)
  3 hobgoblins (D:1)
  A kobold (D:1)
6 creatures vanquished.

Vanquished Creatures (collateral kills)
  A bat (D:1)
  2 endoplasms (D:1)
  A goblin (D:1)
  A hobgoblin (D:1)
  A kobold (D:1)
6 creatures vanquished.

Grand Total: 12 creatures vanquished

Notes
Turn   | Place    | Note
-------+----------+-------------------------------------------
     0 | D:1      | rabbitsville the Hill Orc Summoner began the quest for the
                  | Orb.
     0 | D:1      | Reached XP level 1. HP: 14/14 MP: 3/3
   433 | D:1      | Reached XP level 2. HP: 8/20 MP: 1/4
   507 | D:1      | Found a faded altar of an unknown god.
   946 | D:1      | Learned a level 2 spell: Call Imp
   952 | D:2      | HP: 1/20 [poisoned by an adder]
   952 | D:2      | Slain by an adder

Illustrated notes

Levels and vault maps discovered:
D:1:      dpeg_arrival_lava_temple_mockup, layout_loops_cross,
          nicolae_ecumenical_snake_handling
D:2:      layout_basic

Action                     || total
---------------------------++-------
  Melee: Club              ||    10
         Unarmed           ||     7
         Dagger            ||    26
         Punch             ||     1
   Cast: Summon Small Mamm ||    20
         Call Imp          ||     1
 Armour: Robe              ||     6
  Dodge: Dodged            ||    26

Table legend: (Time is in decaauts)
 A = Elapsed time spent in this place.
 B = Non-inter-level travel time spent in this place.
 C = Inter-level travel time spent in this place.
 D = Time resting spent in this place.
 E = Time spent auto-exploring this place.
 F = Levels seen in this place.
 G = Mean time per level.
                   A        B        C        D        E       F      G
               +--------+--------+--------+--------+--------+-----+--------+
         Total |    954 |    954 |      0 |      0 |    772 |   2 |  477.0 |
       Dungeon |    954 |    954 |      0 |      0 |    772 |   2 |  477.0 |
               +--------+--------+--------+--------+--------+-----+--------+

Top non-repeatable levels by time:
     D:1: 946 daAuts
     D:2: 8 daAuts
